 Dungeon Crawl Stone Soup version 0.25-a0-578-gc91f01c39c (webtiles) character file.

Game seed: 3016535701057098037, levelgen mode: deterministic

67 ReteAZ the Ruffian (level 4, -2/28 HPs)
             Began as a Gargoyle Gladiator on Mar 7, 2020.
             Slain by a gnoll
             ... wielding a +0 spear
              (5 damage)
             ... on level 2 of the Dungeon.
             The game lasted 00:02:29 (1093 turns).

ReteAZ the Ruffian (Gargoyle Gladiator)             Turns: 1093, Time: 00:02:30

Health: -2/28      AC:  7    Str: 17    XL:     4   Next: 18%
Magic:  4/4        EV: 12    Int: 10    God:
Gold:   124        SH:  0    Dex: 11    Spells: 3/3 levels left

rFire    . . .     SeeInvis .     - Unarmed
rCold    . . .     Gourm    .   (no shield)
rNeg     + . .     Faith    .   a - +0 leather armour
rPois    ∞         Spirit   .   b - +0 helmet
rElec    +         Reflect  .   (no cloak)
rCorr    .         Harm     .   (no gloves)
MR       .....                  (no boots)
Stlth    +.........             (no amulet)
HPRegen  0.09/turn              (no ring)
MPRegen  0.09/turn              (no ring)

@: mighty, about to teleport
A: negative energy resistance 1, electricity resistance, unbreathing,
petrification resistance, rot immunity, AC +3
a: no special abilities


You were on level 2 of the Dungeon.
You were not hungry.

You visited 1 branch of the dungeon, and saw 2 of its levels.

You collected 124 gold pieces.

Inventory:

Missiles
 c - 3 throwing nets (quivered)
 e - 64 stones
 f - 46 sling bullets
Armour
 a - a +0 leather armour (worn)
 b - a +0 helmet (worn)
Scrolls
 g - a scroll of remove curse
 h - a scroll of teleportation
 m - a scroll of identify {unknown}
 n - a scroll of fog {unknown}
 o - a scroll of magic mapping {unknown}
 q - a scroll of fear {unknown}
Potions
 l - a potion of curing {unknown}
 p - a potion of invisibility {unknown}
Comestibles
 d - 3 rations
 i - 4 chunks of flesh


   Skills:
 + Level 3.0 Fighting
 - Level 2.0 Throwing
 + Level 2.9 Dodging
 * Level 3.9 Unarmed Combat


You had 3 spell levels left.
You didn't know any spells.
Your spell library was empty.

Dungeon Overview and Level Annotations

Branches:
Dungeon (2/15)

Altars:

Annotations:
D:2 Robin


Innate Abilities, Weirdness & Mutations

You are resistant to torment.
Your stone body is resilient. (AC +3)
You are immune to poison.
You resist negative energy. (rN+)
You are resistant to electric shocks. (rElec)
You can survive without breathing.
You are immune to petrification.
You are immune to rotting.


Message History

You hit the gnoll but do no damage.
The gnoll is lightly wounded.
The gnoll barely misses you.
As you read the scroll labeled BUDARU UTTE, it crumbles to dust.
You feel blessed for a moment.
It was a scroll of remove curse.
The gnoll hits you with a +0 spear.
As you read the scroll labeled REIR FEFIYTSY, it crumbles to dust.
You feel strangely unstable.
It was a scroll of teleportation.
The gnoll hits you with a +0 spear.
* * * LOW HITPOINT WARNING * * *
You closely miss Robin. Robin hits you with a +0 mace.
* * * LOW HITPOINT WARNING * * *
The gnoll hits you with a +0 spear.
* * * LOW HITPOINT WARNING * * *
It was a potion of might.
You feel very mighty all of a sudden. Robin hits you but does no damage.
The gnoll barely misses you.
It was a potion of magic.
Magic courses through your body. The gnoll hits you with a +0 spear.
You die...

≈≈♣PP.........#..#...##+##
.P≈≈P.........#..#..##8.8##
.≈≈PP.........#..#.##.....##
..≈♣≈†........#..###8.....8##
÷P≈≈..........#..##.........##
.P.†P÷....>...#..#8.........8#
..PP..........##.+...........+
####.....#######g#8.........8#
#.....# #@##.....g...##
.......# #g###8.....8##
.......# #..###...g.##
........# ##.# ##8.8##
..8...8.. ... ##g## ##... g.#
#...##.## ......g ......g


You could see Robin and a gnoll.

Vanquished Creatures
  2 adders (D:2)
  A worm (D:2)
  A dart slug (D:1)
  A leopard gecko (D:2)
  5 giant cockroaches
  7 goblins
  A hobgoblin (D:2)
  7 jackals (D:1)
  7 kobolds
  3 bats (D:1)
  3 frilled lizards
  4 rats
42 creatures vanquished.

Notes
Turn   | Place    | Note
-------+----------+-------------------------------------------
     0 | D:1      | ReteAZ the Gargoyle Gladiator began the quest for the Orb.
     0 | D:1      | Reached XP level 1. HP: 12/12 MP: 1/1
     8 | D:1      | You fall into a shaft and drop 1 floor!
   167 | D:2      | Noticed Robin
   221 | D:1      | Reached XP level 2. HP: 15/18 MP: 2/2
   720 | D:1      | Reached XP level 3. HP: 21/22 MP: 3/3
  1036 | D:2      | Reached XP level 4. HP: 22/28 MP: 4/4
  1093 | D:2      | Slain by a gnoll

Levels and vault maps discovered:
D:1:      sevenhm_arrival_forest_fort_small_6, layout_basic,
          minmay_misc_feat_alley, minmay_worlds_worst_comb
D:2:      layout_basic, marbit_many_paths, minmay_crystal_water,
          dk_noncrumbling_4, serial_bayou_lagoon_a,
          minmay_misc_feat_four_crosses, uniq_natasha, uniq_robin,
          uniq_crazy_yiuf_cottage

Skill      XL: |  1  2  3 |
---------------+----------+-----
Throwing       | 2 |  2.0
Fighting       | 3 |  3.0
Dodging        | |  2.9
Unarmed Combat | |  3.9

Action                   |  1- 3 |  4- 6 || total
-------------------------+-------+-------++-------
Melee: Unarmed           |   164 |    17 ||   181
       Punch             |     3 |       ||     3
  Use: Scroll            |       |     2 ||     2
       Potion            |       |     2 ||     2
 Stab: Sleeping          |     1 |       ||     1
  Eat: Chunk             |     1 |       ||     1
Armor: Leather armour    |    79 |     9 ||    88
Dodge: Dodged            |   126 |     7 ||   133

Table legend:
 A = Non-vault XP
 B = Vault XP
 C = Vault XP percentage of total XP
 D = Non-vault monster count
 E = Vault monster count
 F = Vault count percentage of total count
                 A         B        C        D         E       F
            +---------+---------+-------+---------+---------+-------
      Total |      93 |       4 |   4.1 |      40 |       2 |   4.8
            +---------+---------+-------+---------+---------+-------
        D:1 |      43 |       4 |   8.5 |      24 |       2 |   7.7
        D:2 |      50 |       0 |   0.0 |      16 |       0 |   0.0
            +---------+---------+-------+---------+---------+-------
